 Dungeon Crawl Stone Soup version 0.30.0-29-ga12c61a403 (webtiles) character file.

Game seed: 12383475543706854549

101 Descartes the Shield-Bearer (level 5, 0/42 HPs)
             Began as a Formicid Fighter on June 14, 2023.
             Slain by a gnoll
             ... wielding a +0 flail
              (10 damage)
             ... on level 3 of the Dungeon.
             The game lasted 00:02:08 (1174 turns).

Descartes the Shield-Bearer (Formicid Fighter)      Turns: 1174, Time: 00:02:09

Health: 0/42       AC:  7    Str: 22    XL:     5   Next: 4%
Magic:  7/7        EV:  9    Int:  8    God:
Gold:   57         SH:  5    Dex: 13    Spells: 6/6 levels left

rFire   . . .        a - +0 war axe
rCold   . . .        c - +0 buckler
rNeg    . . .        b - +0 scale mail
rPois   .            (helmet unavailable)
rElec   .            (no cloak)
rCorr   .            (no gloves)
SInv    +            (no boots)
Will    .....        (no amulet) Stlth
                     h - +4 ring of slaying
HPRegen 0.27/turn    (no ring)
MPRegen 0.10/turn

%: no passive effects
@: no status effects
A: permanent stasis, dig shafts and tunnels, antennae 3, four strong arms
a: Dig, Shaft Self


You were on level 3 of the Dungeon.
You visited 1 branch of the dungeon, and saw 3 of its levels.

You collected 57 gold pieces.

Inventory:

Hand Weapons
 a - a +0 war axe (weapon)
Armour
 b - a +0 scale mail (worn)
 c - a +0 buckler (worn)
Jewellery
 h - a +4 ring of slaying (left hand)
Scrolls
 e - 2 scrolls of enchant weapon {unknown}
 f - 2 scrolls of vulnerability {unknown}
 g - 2 scrolls of identify {unknown}
 j - 3 scrolls of noise {unknown}
 n - a scroll of amnesia {unknown}
 p - a scroll of silence {unknown}
Potions
 d - 2 potions of might
 i - a potion of mutation {unknown}
 k - a potion of curing {unknown}
 l - 2 potions of heal wounds {unknown}
 m - a potion of attraction {unknown}
 o - 3 potions of brilliance {unknown}


   Skills:
 + Level 3.6 Fighting
 + Level 2.5 Axes
 + Level 3.7 Armour
 + Level 4.5 Shields
 + Level 1.4 Spellcasting
 + Level 1.1 Translocations
 + Level 1.3 Evocations


You had 6 spell levels left.
You didn't know any spells.
Your spell library contained the following spells:

 Spells                   Type           Power      Damage    Failure   Level
 Apportation              Tloc           4%         N/A       58%         1
 Necrotise                Necr           0%         1d4       75%         1
 Summon Small Mammal      Summ           0%         N/A       75%         1
 Ensorcelled Hibernation  Hex/Ice        0%         N/A       87%         2
 Passwall                 Tmut/Erth      0%         N/A       87%         2
 Swiftness                Air            Unusable   N/A       N/A         3

Dungeon Overview and Level Annotations

Branches:
Dungeon (3/15)

Altars:


Innate Abilities, Weirdness & Mutations

You cannot be hasted, slowed, berserked, paralysed or teleported.
You can dig through walls and to a lower floor.
You have a pair of large antennae on your head. (SInv)
Your four strong arms can wield two-handed weapons with a shield.


Message History

You are held in a net!
You are held in a net!
You are held in a net!
You are held in a net!
You are held in a net!
You are held in a net!
You are held in a net!
You are held in a net!
You are held in a net!
You are held in a net!
You are held in a net!
You are held in a net!
You are held in a net!
You are held in a net!
You are held in a net!
Unknown command.
You struggle against the net.
The gnoll barely misses you. The gnoll hits you but does no damage.
The gnoll hits you with a +0 club.
Unknown command.
You struggle against the net.
The gnoll hits you but does no damage. The gnoll hits you with a +0 club.
The gnoll barely misses you.
You struggle against the net.
The gnoll hits you with a +0 club. x2
The gnoll barely misses you.
You rip the net and break free!
The gnoll closely misses you. You block the gnoll's attack. x2
You closely miss the gnoll. You hit the gnoll. You slash the gnoll!
The gnoll hits you with a +0 club. The gnoll hits you with a +0 flail.
The gnoll completely misses you.
Unknown command.
You closely miss the gnoll. You hit the gnoll but do no damage.
You slash the gnoll!
You kill the gnoll!
The gnoll hits you with a +0 club. The gnoll closely misses you. x2
The gnoll barely misses you.
You have reached level 5!
You barely miss the gnoll. You hit the gnoll but do no damage.
The gnoll hits you with a +0 club.
* * * LOW HITPOINT WARNING * * *
The gnoll hits you with a +0 flail!
You die...

.. . .# .## ### .. ..#
.. #. #.# .##
##.##.##..#
####........#
......gg...###
......)@.....#
#########...## ###
#.#(.#####....
#.#.)#........
###....)).# .
######.....##..#
####.....)....##....#
#
.....##.###.####.##..#
{ ..................
....


You could see 2 gnolls.

Vanquished Creatures
  An orc priest (D:3)
  An orc wizard (D:3)
  A gnoll (D:3)
  2 dart slugs
  6 orcs
  A bat (D:1)
  4 endoplasms
  2 goblins (D:1)
  2 hobgoblins
  4 kobolds
  3 ball pythons
  A rat (D:1)
28 creatures vanquished.

Notes
Turn   | Place    | Note
-------+----------+-------------------------------------------
     0 | D:1      | Descartes the Formicid Fighter began the quest for the Orb.
     0 | D:1      | Reached XP level 1. HP: 18/18 MP: 1/1
    28 | D:1      | Reached XP level 2. HP: 15/24 MP: 2/2
   827 | D:2      | Reached XP level 3. HP: 6/29 MP: 2/4
   929 | D:3      | Reached skill level 1 in Spellcasting
   929 | D:3      | Reached skill level 1 in Evocations
   930 | D:3      | Reached XP level 4. HP: 28/35 MP: 5/5
  1028 | D:3      | Reached skill level 1 in Translocations
  1174 | D:3      | Reached XP level 5. HP: 14/42 MP: 7/7
  1174 | D:3      | Slain by a gnoll

Illustrated notes

Levels and vault maps discovered:
D:1:      spicycebolla_arrival_xxxplode, layout_basic, roderic_roman_lattice
D:2:      layout_basic, serial_shops, shop, uniq_crazy_yiuf_cottage, uniq_robin
D:3:      layout_rooms, serial_aquarium, aquarium_bridge_straight
          [aquarium_subvault_bridge, aquarium_subvault_wall,
          aquarium_subvault_bridge, aquarium_subvault_window],
          aquarium_window_1, aquarium_window_corner, aquarium_window_fake,
          aquarium_view_2e, minmay_unequal, uniq_natasha

Skill      XL: |  1  2  3  4 |
---------------+-------------+-----
Spellcasting   | 1 |  1.4
Evocations     | 1 |  1.3
Translocations | 1 |  1.1
Fighting       | |  3.6
Axes           | |  2.5
Armour         | |  3.7
Shields        | |  4.5

Action                     |  1- 3 |  4- 6 || total
---------------------------+-------+-------++-------
  Melee: War axe           |    31 |    18 ||    49
 Armour: Scale mail        |     7 |     4 ||    11
  Dodge: Dodged            |    18 |    15 ||    33
  Block: Buckler           |     7 |     7 ||    14
